 Dungeon Crawl Stone Soup version 0.26.1-2-gb8aa6d0cf2 (webtiles) character file.

Game seed: 1875799470923195042

14130 Erina the Severer (level 11, 0/104 HPs)
             Began as a Minotaur Berserker on Mar 11, 2021.
             Was an Elder of Trog.
             Shot with an arrow by Nessos (21 damage)
             ... on level 13 of the Dungeon.
             The game lasted 00:37:14 (11255 turns).

Erina the Severer (Minotaur Berserker)             Turns: 11255, Time: 00:37:14

Health: 0/104      AC: 15    Str: 22    XL:     11   Next: 84%
Magic:  10/10      EV:  4    Int:  7    God:    Trog [****..]
Gold:   694        SH:  8    Dex: 10    Spells: 10/10 levels left

rFire    + . .     SeeInvis .   Q - +8 broad axe
rCold    . . .     Faith    .   H - +0 kite shield
rNeg     . . .     Spirit   .   z - +0 plate armour
rPois    .         Reflect  .   F - +1 hat
rElec    .         Harm     .   (no cloak)
rCorr    .         Rampage  .   k - +0 pair of gloves
Will     .....                  E - +0 pair of boots
Stlth    ..........             n - amulet of the acrobat
HPRegen  0.27/turn              v - ring of protection from fire
MPRegen  0.12/turn              w - ring of wizardry

@: mighty, lethally poisoned (0 -> -46), berserk cooldown, slowed, very slow
A: retaliatory headbutt, horns 2
a: Renounce Religion, Berserk, Trog's Hand, Brothers in Arms


You were on level 13 of the Dungeon.
You worshipped Trog.
Trog was greatly pleased with you.
You visited 2 branches of the dungeon, and saw 13 of its levels.

You collected 694 gold pieces.

Inventory:

Hand Weapons
 J - a +2 morningstar
 O - a +1 vampiric war axe
 Q - a +8 broad axe (weapon)
Missiles
 l - 10 silver boomerangs
 y - 14 curare-tipped darts
 K - 4 boomerangs of dispersal
 N - 10 boomerangs
Armour
 k - a +0 pair of gloves (worn)
 z - a +0 plate armour (worn)
 E - a +0 pair of boots (worn)
 F - a +1 hat (worn)
 H - a +0 kite shield (worn)
Jewellery
 d - an uncursed ring of ice
 n - an amulet of the acrobat (around neck)
 v - a ring of protection from fire (left hand)
 w - a ring of wizardry (right hand)
 I - an uncursed ring of ice
 S - a cursed ring of attention {unknown}
Wands
 b - a wand of enslavement (9)
 C - a wand of digging (5)
 R - a wand of flame (25)
Scrolls
 c - 2 scrolls of enchant armour {unknown}
 e - 10 scrolls of remove curse
 f - 4 scrolls of fear
 h - 3 scrolls of enchant weapon {unknown}
 i - a scroll of acquirement {unknown}
 j - 2 scrolls of magic mapping
 p - 5 scrolls of teleportation
 q - 2 scrolls of amnesia {unknown}
 x - 4 scrolls of immolation
 B - 4 scrolls of fog
 M - 3 scrolls of identify
 P - a scroll of holy word {unknown}
Potions
 a - 2 potions of berserk rage {unknown}
 g - a potion of lignification
 m - a potion of heal wounds {unknown}
 o - a potion of haste {unknown}
 r - 2 potions of brilliance
 s - 2 potions of flight
 t - 7 potions of curing
 A - 3 potions of ambrosia
 D - 2 potions of cancellation
 G - a potion of attraction
 L - 2 potions of mutation {unknown}


   Skills:
 - Level 12.0 Fighting
 - Level 0.4(0.5) Short Blades
 - Level 0.4(0.5) Long Blades
 - Level 18.0 Axes
 - Level 0.3 Slings
 - Level 0.4 Bows
 - Level 0.4 Crossbows
 * Level 3.9 Armour
 - Level 2.1 Dodging
 + Level 1.1 Shields
 - Level 0.2 Spellcasting
 - Level 0.2 Conjurations
 - Level 0.2 Hexes
 - Level 0.3 Summonings
 - Level 0.2 Necromancy
 - Level 0.2 Translocations
 - Level 0.2 Transmutations
 - Level 0.2 Fire Magic
 - Level 0.2 Ice Magic
 - Level 0.2 Air Magic
 - Level 0.2 Earth Magic
 - Level 0.2 Poison Magic
 - Level 0.6 Invocations


You had 10 spell levels left.
You didn't know any spells.
Your spell library was empty.

Dungeon Overview and Level Annotations

Branches:
Dungeon (11/15)            Temple (1/1) D:5            Lair (0/6) D:9
    Orc (0/2) D:11

Altars:
Ashenzari
Cheibriados
Dithmenos
Elyvilon
Fedhas
Gozag
Hepliaklqana
Kikubaaqudgha
Makhleb
Nemelex Xobeh
Okawaru
Qazlal
Ru
Sif Muna
Trog
Uskayaw
Vehumet
Wu Jian
Xom
Yredelemnul
Zin
The Shining One

Annotations:
D:13 Nessos


Innate Abilities, Weirdness & Mutations

You reflexively headbutt those who attack you in melee.
You have a pair of horns on your head.


Message History

The arrow hits you! The arrow burns you.
You see here an arrow.
You feel sick.
Nessos shoots an arrow.
The arrow hits you!! The arrow burns you.
You are more poisoned.
Nessos shoots an arrow.
The arrow hits you!
* * * LOW HITPOINT WARNING * * *
The arrow burns you.
You are lethally poisoned!
* * * LOW HITPOINT WARNING * * *
You see here 2 arrows.
You feel very mighty all of a sudden.
* * * LOW HITPOINT WARNING * * *
You feel very sick.
Nessos shoots an arrow.
The arrow hits you.
* * * LOW HITPOINT WARNING * * *
You are more poisoned.
Nessos shoots an arrow.
You block the arrow.
Nessos shoots an arrow.
The arrow hits you!!
You die...

## .## ####...##
...## ###.......#
.....####..........##
.......#............
#......†..c........#
#.# #...(......<...#
..
##..(..........####.#
#..(...@....>....#.#
##.(.((.....(......#
##................#
##......#........#
###...####......#
##### ###....# ###..#
##.## ##..#


You could see Nessos (fast).

Vanquished Creatures
  A centaur warrior (D:13)
  4 two-headed ogres
  3 ugly things (D:11)
  An elephant (D:9)
  A centaur zombie (D:10)
  4 centaur skeletons
  2 trolls
  3 wyverns (D:9)
  15 yaks
  A basilisk (D:9)
  2 vampire mosquitoes (D:13)
  3 black bears
  2 ice beasts
  An eye of draining (D:7)
  2 sky beasts
  3 necrophages
  4 phantoms
  6 ogres
  6 centaurs
  2 big kobolds
  7 bullfrogs
  A wyvern zombie (D:8)
  A gnoll sergeant (D:6)
  8 scorpions
  2 wyvern skeletons (D:9)
  4 wights (D:8)
  A howler monkey (D:11)
  2 quasits
  A bullfrog zombie (D:5)
  4 hounds
  3 jellies
  10 orc priests
  8 orc wizards
  An iguana (D:8)
  5 worker ants
  2 hound zombies
  A mummy (D:6)
  9 adders
  7 gnolls
  2 howler monkey skeletons
  3 ufetubi
  3 worms
  A dart slug (D:1)
  4 leopard geckos
  29 orcs
  A ball python (D:2)
  6 bats
  3 bat zombies (D:8)
  6 giant cockroaches
  10 goblins
  12 hobgoblins
  13 jackals
  4 quokkas
  A ball python zombie (D:5)
  3 frilled lizards
  A hobgoblin zombie (D:6)
  A jackal skeleton (D:5)
  15 kobolds
  3 orc zombies (D:6)
  A quokka skeleton (D:6)
  8 rats
  2 rat zombies (D:8)
275 creatures vanquished.

Vanquished Creatures (others)
  A yak (D:13)
  A gnoll (D:9)
  A quokka (D:9)
  3 fungi (D:4)
6 creatures vanquished.

Grand Total: 281 creatures vanquished

Notes
Turn   | Place    | Note
-------+----------+-------------------------------------------
     0 | D:1      | Erina the Minotaur Berserker began the quest for the Orb.
     0 | D:1      | Reached XP level 1. HP: 19/19 MP: 0/0
    61 | D:1      | Reached skill level 4 in Axes
   138 | D:1      | Reached XP level 2. HP: 23/27 MP: 1/1
   376 | D:1      | Reached ** piety under Trog
   630 | D:2      | Reached XP level 3. HP: 21/33 MP: 2/2
   804 | D:2      | Reached skill level 5 in Axes
  1794 | D:3      | Reached XP level 4. HP: 41/41 MP: 3/3
  1843 | D:3      | HP: 2/41 [orc priest/+0 dagger (3)]
  1857 | D:3      | Reached skill level 6 in Axes
  1862 | D:3      | Reached XP level 5. HP: 28/47 MP: 4/4
  2061 | D:3      | You fall into a shaft and drop 1 floor!
  2069 | D:4      | Found a shadowy altar of Dithmenos.
  2140 | D:3      | Found a hide-covered altar of Uskayaw.
  2140 | D:3      | Noticed a +0 hand axe
  2140 | D:3      | Noticed a +0 dagger
  2346 | D:3      | Reached *** piety under Trog
  2405 | D:3      | Reached skill level 7 in Axes
  2440 | D:3      | Found a stormy altar of Qazlal.
  2441 | D:3      | Noticed a water elemental
  2441 | D:3      | Noticed a fire elemental
  2441 | D:3      | Noticed an air elemental
  2738 | D:4      | Reached skill level 5 in Fighting
  2828 | D:4      | Reached XP level 6. HP: 42/56 MP: 5/5
  3029 | D:4      | Reached skill level 8 in Axes
  3459 | D:4      | Reached skill level 9 in Axes
  3459 | D:4      | Reached XP level 7. HP: 61/61 MP: 6/6
  3527 | D:4      | You fall into a shaft and drop 3 floors!
  3629 | D:7      | Reached skill level 10 in Axes
  3656 | D:7      | Reached XP level 8. HP: 51/70 MP: 7/7
  3706 | D:6      | Reached skill level 11 in Axes
  3720 | D:5      | Entered Level 5 of the Dungeon
  3942 | D:4      | Found a blossoming altar of Fedhas.
  4065 | D:5      | Found a staircase to the Ecumenical Temple.
  4078 | Temple   | Entered the Ecumenical Temple
  4446 | D:5      | Reached **** piety under Trog
  4773 | D:5      | Reached skill level 12 in Axes
  5855 | D:7      | Reached XP level 9. HP: 58/79 MP: 8/8
  6248 | D:7      | Reached skill level 13 in Axes
  7125 | D:8      | Found an ornate altar of the Wu Jian Council.
  7160 | D:8      | Reached skill level 14 in Axes
  7588 | D:8      | Found an ancient bone altar of Kikubaaqudgha.
  7838 | D:9      | Noticed a two-headed ogre
  7845 | D:9      | Killed a two-headed ogre
  7846 | D:9      | Reached skill level 15 in Axes
  7846 | D:9      | Reached XP level 10. HP: 90/90 MP: 9/9
  7909 | D:9      | Reached ***** piety under Trog
  8036 | D:9      | Noticed an elephant
  8037 | D:9      | Found a staircase to the Lair.
  8047 | D:9      | Killed an elephant
  8212 | D:9      | Noticed a two-headed ogre
  8219 | D:9      | Killed a two-headed ogre
  8220 | D:9      | Reached skill level 16 in Axes
  8333 | D:9      | Found a white marble altar of Elyvilon.
  8918 | D:10     | Entered Level 10 of the Dungeon
  8921 | D:10     | Noticed a two-headed ogre
  8928 | D:10     | Killed a two-headed ogre
  9405 | D:10     | Reached skill level 17 in Axes
  9546 | D:10     | Reached XP level 11. HP: 98/99 MP: 10/10
  9596 | D:10     | Reached skill level 10 in Fighting
 10415 | D:11     | Found a staircase to the Orcish Mines.
 10429 | D:11     | Noticed a two-headed ogre
 10429 | D:11     | Noticed a white ugly thing
 10441 | D:11     | Killed a two-headed ogre
 10441 | D:11     | Received a gift from Trog
 10447 | D:11     | Killed a white ugly thing
 10450 | D:11     | Reached skill level 18 in Axes
 10508 | D:11     | Noticed a white ugly thing
 10509 | D:11     | Noticed a brown ugly thing
 10515 | D:11     | Killed a white ugly thing
 10521 | D:11     | Killed a brown ugly thing
 10571 | D:11     | HP: 5/103 [orc priest/nerve-wracking pain (10)]
 11061 | D:11     | You fall into a shaft and drop 2 floors!
 11136 | D:13     | Noticed a centaur warrior
 11153 | D:13     | Killed a centaur warrior
 11243 | D:13     | Noticed Nessos
 11251 | D:13     | Reached skill level 1 in Shields
 11255 | D:13     | Shot with an arrow by Nessos

Illustrated notes

Levels and vault maps discovered:
D:1:      dpeg_arrival_rhombus, layout_basic
D:2:      layout_basic, chequers_jeans
D:3:      layout_basic, dancing_weapons_uskayaw, small_statue_intersection,
          chequers_arboretum, st_stairs_12, nicolae_qazlal_style_of_elements
D:4:      layout_loops_ring, fedhas_altar_3,
          nicolae_dithmenos_through_a_glass_darkly
D:5:      layout_loops_ring, minmay_temple_entry_fiery,
          kennysheep_generic_room_10
D:6:      layout_loops_ring, minmay_mini_ossuary
D:7:      layout_loops_ring, kennysheep_crisscross, nrook_loot_triangle
D:8:      layout_rooms, lemuel_zombie_altar_kikubaaqudgha, lemuel_doored_altar,
          minmay_puff
D:9:      layout_basic, david_lair_generic, elyvilon_altar_4
D:10:     layout_basic, nicolae_straight_to_the_point
D:11:     layout_irregular_city
D:13:     layout_cave_pods, uniq_snorg, uniq_nessos
Temple:   nicolae_temple_no_exploring_needed

Skill      XL: |  1  2  3  4  5  6  7  8  9 10 11 |
---------------+----------------------------------+-----
Axes           | 4 5 6 7 9 10 12 15 17 18 | 18.0
Fighting       | 4 5 6 7 8 9 12 | 12.0
Armour         | 3 |  3.9
Shields        | 1 |  1.1
Short Blades   | |  0.4
Long Blades    | |  0.4
Slings         | |  0.3
Bows           | |  0.4
Crossbows      | |  0.4
Dodging        | |  2.1
Spellcasting   | |  0.2
Conjurations   | |  0.2
Hexes          | |  0.2
Summonings     | |  0.3
Necromancy     | |  0.2
Translocations | |  0.2
Transmutations | |  0.2
Fire Magic     | |  0.2
Ice Magic      | |  0.2
Air Magic      | |  0.2
Earth Magic    | |  0.2
Poison Magic   | |  0.2
Invocations    | |  0.6

Action                   |  1- 3 |  4- 6 |  7- 9 | 10-12 || total
-------------------------+-------+-------+-------+-------++-------
Melee: Hand axe          |    95 |   165 |    88 |       ||   348
       Headbutt          |     5 |    24 |    56 |    65 ||   150
       War axe           |       |       |   224 |   210 ||   434
       Broad axe         |       |       |       |    58 ||    58
Invok: Berserk           |       |     3 |     5 |     7 ||    15
       Trog's Hand       |       |     1 |       |     1 ||     2
  Use: Scroll            |       |       |    20 |     1 ||    21
       Potion            |       |       |       |     1 ||     1
Armor: Animal skin       |    18 |       |       |       ||    18
       Ring mail         |     9 |    14 |       |       ||    23
       Plate armour      |       |    72 |   153 |   112 ||   337
Dodge: Dodged            |    68 |    57 |    83 |    57 ||   265
Block: Kite shield       |       |       |    34 |    98 ||   132
